 Dungeon Crawl Stone Soup version 0.22-a0-238-gd711f9382e (webtiles) character file.

0 MrRokkomies the Skirmisher (level 1, -9/15 HPs)
             Began as a Halfling Abyssal Knight on Feb 21, 2018.
             Was a Follower of Lugonu.
             Mangled by an ancient zyme (10 damage)
             ... on level 1 of the Abyss.
             The game lasted 00:00:54 (330 turns).

MrRokkomies the Skirmisher (Halfling Abyssal Knight) Turns: 330, Time: 00:00:54

Health: -9/15      AC:  3    Str: 13    XL:     1   Next: 0%
Magic:  2/2        EV: 13    Int: 10    God:    Lugonu [*.....]
Gold:   0          SH:  0    Dex: 13    Spells: 0/0 levels left

rFire    . . .     SeeInvis .   a - +1 falchion
rCold    . . .     Gourm    .   (shield restricted)
rNeg     . . .     Faith    .   b - +0 leather armour
rPois    .         Spirit   .   (no helmet)
rElec    .         Reflect  .   (no cloak)
rCorr    .         Harm     .   (no gloves)
MR       .....                  (no boots)
Stlth    +.........             (no amulet)
HPRegen  0.00/turn              (no ring)
MPRegen  0.08/turn              (no ring)

@: non-regenerating, diseased
A: small, mutation resistance 1
a: Depart the Abyss, Renounce Religion


You were on level 1 of the Abyss.
You worshipped Lugonu.
Lugonu was aware of your devotion.
You were not hungry.

You visited 0 branches of the dungeon, and saw 0 of its levels.
You visited the Abyss 1 time.

Inventory:

Hand Weapons
 a - a +1 falchion (weapon)
Armour
 b - a +0 leather armour (worn)
Scrolls
 d - a scroll of teleportation {unknown}
Comestibles
 c - a ration


   Skills:
 + Level 2.6 Fighting
 + Level 2.0 Long Blades
 + Level 2.1 Armour
 + Level 1.1 Dodging
 + Level 2.0 Invocations


You couldn't memorise any spells.
You didn't know any spells.

Dungeon Overview and Level Annotations

Branches:
Dungeon (0/15)

Altars:


Innate Abilities, Weirdness & Mutations

You are small and have problems with some larger weapons.
You are somewhat resistant to further mutation.


Message History

A spatial vortex comes into view.
The large abomination hits you but does no damage.
A spatial vortex comes into view.
An ancient zyme comes into view.
You feel yourself growing ill in the presence of the ancient zyme.
You feel ill.
A large abomination comes into view.
You feel ill.
You enter the shallow water.
Moving in this stuff is going to be slow.
You feel ill.
A raiju comes into view.
The ancient zyme hits you. x2
The large abomination barely misses you.
You completely miss the ancient zyme. The large abomination hits you.
The ancient zyme hits you.
* * * LOW HITPOINT WARNING * * *
The ancient zyme hits you!
Ouch! That really hurt!
You die...

.#.. .. .#.## ##
... ### h...#
##.##..###.##.#..#
...#..##.#...#...#
. #...#.#.≈≈..#≈≈
..###.....≈≈≈≈.#≈#
. .........≈≈X#
...... ...#.#x@##
#..##..# ####X.# .
..#####.#.#
................#
##.#####.#.#...##
#....##.. #....#
##### ##.... .#..
..≈ .#.# .#.


You could see an ancient zyme, 2 large abominations and a raiju.

Vanquished Creatures (others)
  A lurking horror (Abyss:1)
1 creature vanquished.

Notes
Turn   | Place    | Note
-------+----------+-------------------------------------------
     0 | Abyss:1  | MrRokkomies the Halfling Abyssal Knight began the quest for the Orb.
     0 | Abyss:1  | Reached XP level 1. HP: 15/15 MP: 2/2
   230 | Abyss:1  | Noticed an ancient zyme
   289 | Abyss:1  | Noticed a large abomination
   290 | Abyss:1  | Noticed a spatial vortex
   291 | Abyss:1  | Noticed a spatial vortex
   296 | Abyss:1  | Noticed a spatial vortex
   299 | Abyss:1  | Noticed a spatial vortex
   317 | Abyss:1  | Noticed an ancient zyme
   321 | Abyss:1  | Noticed a large abomination
   329 | Abyss:1  | Noticed a raiju
   330 | Abyss:1  | Mangled by an ancient zyme

Vault maps used:

Action                   || total
-------------------------++-------
Melee: Falchion          ||     2
Armor: Leather armour    ||     1
Dodge: Dodged            ||     1

Table legend:
 A = Spawn XP
 B = Non-spawn XP
 C = Spawn XP percentage of total XP
 D = Spawn monster count
 E = Non-spawn monster count
 F = Spawn count percentage of total count
 G = Total turns spent on level
                    A         B        C        D         E        F      G
               +---------+---------+-------+---------+---------+-------+---------
         Total |       0 |       0 |   N/A |       0 |       0 |   N/A |   330
               +---------+---------+-------+---------+---------+-------+---------
               +---------+---------+-------+---------+---------+-------+---------
